 Dungeon Crawl Stone Soup version bcrawl-1.15.1 (webtiles) character file.

Game seed: 1175507320050244788

115750 Chiseanne the Protected (level 16, -8/131 HPs)
             Began as a Demonspawn Archaeologist on Sept 26, 2019.
             Was an Initiate of Gozag.
             Killed from afar by a nagaraja (46 damage)
             ... with a fireball
             ... on level 3 of the Snake Pit.
             The game lasted 01:14:55 (27941 turns).

Chiseanne the Protected (Demonspawn Archaeologist) Turns: 27941, Time: 01:14:56

Health: -8/131     AC: 47    Str: 19    XL:     16   Next: 19%
Magic:  0/16       EV:  9    Int: 18    God:    Gozag
Gold:   2228       SH:  0    Dex: 15    Spells: 15/15 levels left

rFire    . . .     SeeInvis .   a - +6 battleaxe (flame)
rCold    + . .     Gourm    .   (shield currently unavailable)
rNeg     + . .     Faith    .   f - +15 Maxwell's patent armour {-Cast -Tele rElec MR+ rCorr}
rPois    +         Spirit   +   L - +2 hat of the Bear Spirit {Spirit, +Rage rN+ MR++}
rElec    +         Reflect  .   K - +2 cloak
rCorr    +         Harm     .   i - +2 pair of gloves {Str+3}
MR       ++++.     NoTele   +   l - +1 pair of boots Stlth ..........NoCast +
                                T - amulet of magic regeneration
HPRegen  0.31/turn              Y - +3 ring of strength
MPRegen  0.40/turn              c - ring of poison resistance

@: lethally poisoned (-8 -> -9), gold aura
A: hooves 2, thin metallic scales 3, cold resistance 1, demonic guardian 2,
augmentation 1
a: Potion Petition, Call Merchant, Bribe Branch, Renounce Religion, Evoke
Berserk Rage


You were on level 3 of the Snake Pit.
You worshipped Gozag.
Gozag was most pleased with you.
You were not hungry.

You visited 5 branches of the dungeon, and saw 23 of its levels.

You collected 11607 gold pieces.
You spent 3602 gold pieces at shops.
You paid 5777 gold pieces to Gozag.

Inventory:

Hand Weapons
 a - a +6 battleaxe of flaming (weapon)
 d - the +7 trident of Gozag's Castigation {venom, rPois Int+3}
   (You found it on level 10 of the Dungeon)

   It poisons the flesh of those it strikes.
   It affects your intelligence (+3).
   It protects you from poison.
 s - a +9 quarterstaff of chaos
 w - a +3 longbow of flaming
Missiles
 b - 89 poisoned tomahawks (quivered)
 j - 4 throwing nets {!f}
 u - 66 javelins of penetration
 E - 243 javelins
 R - 340 tomahawks
Armour
 f - the +15 Maxwell's patent armour (worn) {-Cast -Tele rElec MR+ rCorr}

   It insulates you from electricity.
   It affects your resistance to hostile enchantments.
   It prevents spellcasting.
   It prevents most forms of teleportation.
   It provides partial protection from all sources of acid and corrosion.
 i - a +2 pair of gloves of strength (worn)
 l - a +1 pair of boots (worn)
 m - a scarf of spirit shield
 K - a +2 cloak (worn)
 L - the +2 hat of the Bear Spirit (worn) {Spirit, +Rage rN+ MR++}
   (You bought it in a shop on level 12 of the Dungeon)

   It protects you from negative energy.
   It affects your resistance to hostile enchantments.
   It lets you go berserk.
Jewellery
 c - a ring of poison resistance (right hand)
 B - an uncursed ring of fire
 T - an amulet of magic regeneration (around neck)
 Y - a +3 ring of strength (left hand)
Wands
 e - a wand of digging (14)
 J - a wand of flame (15)
 Q - a wand of iceblast (14)
 X - a wand of paralysis (3)
Scrolls
 n - 6 scrolls of fear
 p - 4 scrolls of blinking
 r - a scroll of amnesia
 v - 5 scrolls of fog
 z - a scroll of enchant armour
 A - 11 scrolls of teleportation
 F - 3 scrolls of identify
 G - 11 scrolls of magic mapping
 I - 9 scrolls of remove curse
 W - 2 scrolls of summoning
Potions
 h - a potion of agility
 k - 3 potions of ambrosia
 o - 2 potions of berserk rage
 q - a potion of resistance
 t - 3 potions of invisibility
 x - a potion of heal wounds
 y - 3 potions of curing
 C - 4 potions of might
 D - a potion of haste
 H - 2 potions of flight
Miscellaneous
 V - a sack of spiders
Comestibles
 g - 22 rations {!d}


   Skills:
 - Level 13.5 Fighting
 * Level 13.7 Axes
   Level 0.8(12.0) Maces & Flails
 - Level 12.7 Staves
 * Level 4.7 Throwing
 - Level 13.7 Armour
 * Level 5.9 Dodging
 - Level 3.0 Stealth


You had 15 spell levels left.
You didn't know any spells.
Your spell library contained the following spells:

 Spells                   Type           Power        Failure   Level  Hunger
 Animate Skeleton         Necr           N/A          97%         1    ##.....
 Apportation              Tloc           #.....       97%         1    ##.....
 Beastly Appendage        Tmut           #.....       97%         1    ##.....
 Flame Tongue             Conj/Fire      #....        97%         1    ##.....
 Pain                     Necr           #...         97%         1    ##.....
 Sandblast                Erth           #.....       97%         1    ##.....
 Shock                    Conj/Air       #....        97%         1    ##.....
 Summon Butterflies       Summ           #.......     97%         1    ##.....
 Flaming Arrows           Chrm/Fire      #.......     99%         2    ###....
 Passwall                 Tmut/Erth      #.......     99%         2    ###....
 Sticks to Snakes         Tmut           #.......     99%         2    ###....
 Swiftness                Chrm/Air       #.......     99%         2    ###....
 Beckoning                Tloc           #.........   100%        3    ####...
 Conjure Flame            Conj/Fire      #.......     100%        3    ####...
 Inner Flame              Hex/Fire       N/A          100%        3    ####...
 Regeneration             Chrm/Necr      #.........   100%        3    ####...
 Spider Form              Tmut/Pois      #..          100%        3    ####...
 Static Discharge         Air            #.......     100%        3    ####...
 Stone Arrow              Conj/Erth      #.....       100%        3    ####...
 Tukima's Dance           Hex            #.......     100%        3    ####...
 Vampiric Draining        Necr           #.........   100%        3    ####...
 Airstrike                Air            #.........   100%        4    #####..
 Animate Dead             Necr           N/A          100%        4    #####..
 Ice Form                 Ice/Tmut       #.......     100%        4    #####..
 Petrify                  Tmut/Erth      #.......     100%        4    #####..
 Sticky Flame             Conj/Fire      #.......     100%        4    #####..
 Alistair's Intoxication  Tmut/Pois      #.......     100%        5    ######.
 Blade Hands              Tmut           #.........   100%        5    ######.
 Bolt of Draining         Conj/Necr      #.........   100%        5    ######.
 Fireball                 Conj/Fire      #.........   100%        5    ######.
 Iskenderun's Battlesphe  Conj/Chrm      #.......     100%        5    ######.
 Lee's Rapid Deconstruct  Erth           #.........   100%        5    ######.
 Lightning Bolt           Conj/Air       #.........   100%        5    ######.
 Invisibility             Hex            #.......     100%        6    #######
 Iron Shot                Conj/Erth      #.........   100%        6    #######
 Poison Arrow             Conj/Pois      #.........   100%        6    #######
 Orb of Destruction       Conj           #.........   100%        7    #######
 Spellforged Servitor     Conj/Summ      #.........   100%        7    #######


Dungeon Overview and Level Annotations

Branches:
Dungeon (12/12)            Temple (1/1) D:7            Lair (6/6) D:8
 Shoals (0/3) Lair:2        Snake (3/3) Lair:4        Slime (0/5) Lair:6
    Orc (1/1) D:9             Elf (0/3) Orc          Vaults (0/3) D:12
 Depths (0/5) D:12

Altars:
Ashenzari
Cheibriados
Dithmenos
Elyvilon
Fedhas
Gozag
Hepliaklqana
Kikubaaqudgha
Lugonu
Makhleb
Nemelex Xobeh
Okawaru
Qazlal
Ru
Sif Muna
Trog
Uskayaw
Vehumet
Wu Jian
Xom
Yredelemnul
Zin
The Shining One

Shops:
D:6 :   D:7 [   D:8 ?   D:9 (   D:10 =   D:11 (   D:12 [[([(   Orc *}(*

Annotations:
D:3 2 runed translucent doors, crawlian's ghost, amateur SDSk
D:10 Sonja
D:11 2 transporters


Innate Abilities, Weirdness & Mutations

You have hoof-like feet.
You are completely covered in thin metallic scales. (AC +4, rElec)
Your flesh is cold resistant. (rC+)
A demonic guardian rushes to your aid.
Your magical and physical power is slightly enhanced at high health.


Message History

You hear a shout!
You slice the black mamba!! You burn the black mamba.
You kill the black mamba!
You feel sick.
The naga warrior becomes distracted by the nearby gold, dreaming of imaginary riches.
A naga comes into view. It is wielding a +0 broad axe.
A naga mage comes into view. It is wielding a +0 flail.
You feel sick.
The naga sharpshooter casts a spell.
The naga sharpshooter magically shoots a bolt.
The bolt hits you!
* * * LOW HITPOINT WARNING * * *
You feel sick.
You feel sick.
You feel sick. The nagaraja casts a spell at you.
The fireball explodes!
The fireball engulfs your soul eater. The fireball engulfs you!
You die...
Your body crumbles into a pile of gold.

........##############...########
..^..............................
.........................))......
.........................).......
......................(..).......
.................................
......##.......................##
..##.###............####.......##
#######........3@...###########..
#....N########..# #.. #.###...#
#### ##.. #.. ###$# #... ###
##N## #####...


#NNN# #..##... ........NNN..# ##..#... .........NN..# #...... .....N..N..N...
#...##. You could see a nagaraja and a friendly soul eater.

Vanquished Creatures
  A storm dragon (Lair:6)
  A nagaraja (Snake:1)
  A frost giant (D:12)
  Aizul (Snake:3)
  Nessos (Lair:5)
  Josephine (Lair:6)
  A fire dragon (Lair:6)
  8 naga warriors
  An ogre mage (D:12)
  A yaktaur captain (D:12)
  Harold (D:8)
  10 hydras
  A centaur warrior (D:11)
  5 anacondas
  2 vault guards
  4 two-headed ogres
  3 death yaks
  5 shock serpents
  9 naga sharpshooters
  Nergalle (D:9)
  A deep elf knight (D:12)
  A salamander mystic (Snake:1)
  8 skeletal warriors (D:9)
  An unseen horror (D:11)
  4 naga ritualists
  An orc knight (Orc)
  A cyclops (Orc)
  A lindwurm (Lair:6)
  8 salamanders
  A wolf spider zombie (D:12)
  A mana viper (Snake:1)
  4 ugly things
  A faun (shapeshifter) (D:12)
  2 oklob plants
  4 elephants (Lair:6)
  3 guardian serpents
  24 black mambas
  2 molten gargoyles (Lair:6)
  A gargoyle (D:12)
  7 cane toads
  6 naga magi
  A torpor snail (Lair:6)
  5 rime drakes
  3 yaktaurs (D:12)
  4 komodo dragons
  A meliai (D:11)
  A hornet (D:9)
  4 trolls
  A polar bear (Lair:2)
  3 slime creatures (D:12)
  8 blink frogs
  5 dream sheep
  5 hippogriffs
  4 redbacks (D:10)
  A vampire (D:11)
  A shadow (D:10)
  A spriggan (Lair:1)
  3 wyverns
  A wraith (Lair:6)
  41 yaks
  Grum (D:8)
  3 basilisks
  A steam dragon (Lair:6)
  A hungry ghost (D:6)
  3 acid dragons
  4 hell hounds (Lair:6)
  30 nagas
  11 water moccasins
  A soldier ant (shapeshifter) (D:9)
  7 porcupines
  An ice beast (D:9)
  25 orc warriors
  3 black bears
  A sky beast (D:8)
  3 phantoms
  7 ogres
  18 wolves
  11 centaurs
  9 crocodiles
  12 bullfrogs
  Blork the orc (D:5)
  4 big kobolds
  A scorpion (D:9)
  13 wights
  4 killer bees
  3 electric eels
  A howler monkey (D:6)
  5 lava snakes (Lair:6)
  4 crimson imps
  3 hounds
  3 centaur zombies
  A bullfrog zombie (D:7)
  2 jellies
  Crazy Yiuf (D:2)
  6 orc priests
  A bullfrog skeleton (D:8)
  Jessica (D:2)
  5 iguanas
  15 orc wizards
  5 hell rats (Lair:6)
  6 worker ants
  A hound zombie (D:5)
  A worker ant zombie (D:5)
  Robin (D:2)
  A howler monkey skeleton (D:8)
  10 adders
  A river rat (D:8)
  5 gnolls (D:3)
  2 shadow imps
  4 oozes
  An adder skeleton (D:8)
  A worm (D:6)
  A dart slug (D:1)
  4 leopard geckos
  56 orcs
  2 ball pythons
  5 bats
  4 giant cockroaches
  16 goblins
  8 hobgoblins
  6 jackals (D:3)
  3 quokkas
  6 frilled lizards
  22 kobolds
  6 rats
  2 fungi (Lair:5)
  3 plants
642 creatures vanquished.

Vanquished Creatures (collateral kills)
  A nagaraja (Snake:3)
  A vault guard (D:11)
  3 hydras
  A centaur warrior (D:10)
  A naga warrior (Snake:2)
  An anaconda (Snake:2)
  A death knight (D:12)
  4 two-headed ogres
  Urug (Lair:4)
  A shock serpent (Snake:1)
  2 naga sharpshooters
  2 skeletal warriors (D:10)
  A salamander mystic (Snake:3)
  An ugly thing (D:11)
  3 salamanders
  5 black mambas
  Joseph (D:9)
  6 naga magi
  2 centaur skeletons
  3 cane toads
  A komodo dragon (Lair:6)
  3 yaktaurs (D:12)
  A troll (D:9)
  A hornet (Lair:2)
  7 dream sheep
  A slime creature (D:12)
  A meliai zombie (D:8)
  2 yaks
  2 wraiths (Lair:6)
  2 hungry ghosts
  2 basilisks
  2 vampire mosquitoes (D:9)
  4 nagas
  A soldier ant (Orc)
  3 orc warriors (Orc)
  An eye of draining (D:10)
  An ice beast (D:12)
  3 wolves
  A crocodile (Lair:6)
  A bullfrog (D:8)
  2 big kobolds (D:9)
  A howler monkey (D:9)
  An adder (D:9)
  A shadow imp (D:12)
  3 orcs
89 creatures vanquished.

Vanquished Creatures (others)
  A black mamba (Snake:2)
  A guardian serpent (Snake:3)
  An orc wizard (D:9)
  2 fungi (Lair:5)
  A plant (D:9)
6 creatures vanquished.

Grand Total: 737 creatures vanquished

Notes
Turn   | Place    | Note
-------+----------+-------------------------------------------
     0 | D:1      | Chiseanne the Demonspawn Archaeologist began the quest for
                  | the Orb.
     0 | D:1      | Reached XP level 1. HP: 15/15 MP: 1/1
   198 | D:1      | Gained mutation: You have large cloven feet. [demonic
                  | ancestry]
   198 | D:1      | Reached XP level 2. HP: 21/21 MP: 2/2
   893 | D:1      | Reached XP level 3. HP: 26/27 MP: 3/3
   912 | D:1      | Reached skill level 1 in Armour
  1448 | D:2      | Noticed Jessica
  1488 | D:2      | Killed Jessica
  1488 | D:2      | Reached XP level 4. HP: 33/33 MP: 4/4
  1530 | D:2      | Found a runed door.
  1604 | D:2      | Noticed Robin
  1657 | D:2      | Killed Robin
  2121 | D:2      | Noticed Crazy Yiuf
  2142 | D:2      | Killed Crazy Yiuf
  2142 | D:2      | Reached skill level 5 in Armour
  2142 | D:2      | Gained mutation: You are partially covered in thin metallic
                  | scales. (AC +2) [demonic ancestry]
  2142 | D:2      | Reached XP level 5. HP: 38/38 MP: 5/5
  2514 | D:3      | Found a white marble altar of Elyvilon.
  2553 | D:3      | Found a runed translucent door.
  2553 | D:3      | Noticed crawlian's ghost (amateur SDSk)
  2886 | D:3      | Found a runed translucent door.
  3037 | D:4      | Noticed a phantom
  3056 | D:4      | Killed a phantom
  3056 | D:4      | Reached skill level 1 in Staves
  3056 | D:4      | Gained mutation: You have hoof-like feet. [demonic
                  | ancestry]
  3056 | D:4      | Reached XP level 6. HP: 39/46 MP: 6/6
  3221 | D:4      | Found a hide-covered altar of Uskayaw.
  3436 | D:5      | Entered Level 5 of the Dungeon
  3477 | D:5      | Noticed Blork the orc
  3489 | D:5      | Killed Blork the orc
  3528 | D:5      | Gained mutation: You are mostly covered in thin metallic
                  | scales. (AC +3) [demonic ancestry]
  3528 | D:5      | Reached XP level 7. HP: 52/52 MP: 7/7
  3688 | D:5      | Found a basalt altar of Yredelemnul.
  4381 | D:6      | Found a burning altar of Makhleb.
  4382 | D:6      | Found Wyoplock's Book Emporium.
  4402 | D:6      | Noticed a hungry ghost
  4413 | D:6      | Killed a hungry ghost
  4461 | D:6      | Reached XP level 8. HP: 55/61 MP: 8/8
  5096 | D:6      | Reached skill level 5 in Fighting
  5306 | D:7      | Found a staircase to the Ecumenical Temple.
  5397 | Temple   | Entered the Ecumenical Temple
  5571 | Temple   | Became a worshipper of Gozag Ym Sagoz the Greedy
  5651 | D:7      | Found a shimmering blue altar of Sif Muna.
  5654 | D:7      | Found a hazy altar of Hepliaklqana.
  5655 | D:7      | Found a shattered altar of Ashenzari.
  5655 | D:7      | Found a stormy altar of Qazlal.
  6103 | D:7      | Reached skill level 5 in Staves
  6384 | D:8      | Gained mutation: A weak demonic guardian rushes to your
                  | aid. [demonic ancestry]
  6384 | D:8      | Reached XP level 9. HP: 62/69 MP: 9/9
  6805 | D:8      | Noticed a death yak
  6823 | D:7      | HP: 1/71 [death yak (16)]
  6829 | D:7      | Killed a death yak
  7000 | D:8      | Noticed a death yak
  7006 | D:8      | Noticed a death yak
  7024 | D:7      | Killed a death yak
  7179 | D:8      | Killed a death yak
  7179 | D:8      | Gained mutation: Your flesh is cold resistant. (rC+)
                  | [demonic ancestry]
  7179 | D:8      | Reached XP level 10. HP: 73/80 MP: 10/10
  7180 | D:8      | Noticed Harold
  7565 | D:8      | Killed Harold
  7570 | D:8      | Reached skill level 10 in Armour
  7943 | D:8      | Noticed Grum
  7952 | D:8      | Killed Grum
  7987 | D:8      | Found Uwuxzayz's Magic Scroll Boutique.
  7996 | D:8      | Bought a scroll of teleportation for 39 gold pieces
  7996 | D:8      | Bought a scroll of identify for 26 gold pieces
  7996 | D:8      | Bought a scroll of torment for 97 gold pieces
  7996 | D:8      | Bought a scroll of immolation for 45 gold pieces
  7996 | D:8      | Bought a scroll of identify for 26 gold pieces
  7996 | D:8      | Bought a scroll of enchant weapon for 97 gold pieces
  7996 | D:8      | Bought a scroll of magic mapping for 45 gold pieces
  7996 | D:8      | Bought a scroll of identify for 26 gold pieces
  8092 | D:8      | Found a staircase to the Lair.
  8337 | D:9      | Gained mutation: You are completely covered in thin
                  | metallic scales. (AC +4, rElec) [demonic ancestry]
  8337 | D:9      | Reached XP level 11. HP: 88/89 MP: 11/11
  8353 | D:9      | Noticed a two-headed ogre
  8357 | D:9      | Killed a two-headed ogre
  8496 | D:9      | Noticed a two-headed hydra
  8504 | D:9      | Killed a two-headed hydra
  8504 | D:9      | Reached skill level 10 in Fighting
  8538 | D:9      | Found Zeisch's Weapon Shoppe.
  8544 | D:9      | Noticed a skeletal warrior
  8546 | D:9      | Noticed a skeletal warrior
  8547 | D:9      | Noticed a skeletal warrior
  8590 | D:9      | Killed a skeletal warrior
  8809 | D:9      | Killed a skeletal warrior
  8824 | D:9      | Killed a skeletal warrior
  9034 | D:9      | Noticed a skeletal warrior
  9066 | D:9      | Killed a skeletal warrior
  9080 | D:9      | Noticed Nergalle
  9089 | D:9      | Killed Nergalle
  9131 | D:9      | Found a staircase to the Orcish Mines.
  9133 | D:9      | Noticed a brown ugly thing
  9135 | D:9      | Noticed a green ugly thing
  9158 | D:9      | Killed a white ugly thing
  9170 | D:9      | Killed a white ugly thing
  9650 | D:9      | Gained mutation: A demonic guardian rushes to your aid.
                  | [demonic ancestry]
  9650 | D:9      | Reached XP level 12. HP: 95/100 MP: 12/12
  9653 | D:9      | Reached skill level 10 in Staves
  9924 | D:9      | Noticed Joseph
  9944 | D:9      | Killed Joseph
 10111 | D:10     | Entered Level 10 of the Dungeon
 10114 | D:10     | Noticed a centaur warrior
 10372 | D:10     | Killed a centaur warrior
 10803 | D:10     | Noticed Sonja
 10854 | D:10     | Got a warped trident
 10856 | D:10     | Noticed a two-headed ogre
 10863 | D:10     | Killed a two-headed ogre
 10877 | D:10     | Identified the +7 trident of Gozag's Castigation {venom,
                  | rPois Int+3} (You found it on level 10 of the Dungeon)
 11081 | D:10     | Noticed a four-headed hydra
 11088 | D:10     | Killed a two-headed hydra
 11562 | D:11     | Noticed a seven-headed hydra
 11573 | D:11     | Noticed a deep troll earth mage
 11628 | D:11     | Noticed an eight-headed hydra
 11642 | D:11     | Found a transporter.
 11643 | D:11     | Found a transporter.
 11696 | D:11     | Noticed a six-headed hydra
 11705 | D:11     | Killed a six-headed hydra
 11709 | D:11     | Noticed a centaur warrior
 11731 | D:11     | Killed a centaur warrior
 11892 | D:11     | Noticed a five-headed hydra
 11903 | D:11     | Killed a one-headed hydra
 11944 | D:11     | Noticed a four-headed hydra
 11951 | D:11     | Killed a one-headed hydra
 12089 | D:12     | Entered Level 12 of the Dungeon
 12089 | D:12     | Noticed a five-headed hydra
 12098 | D:12     | Killed a three-headed hydra
 12098 | D:12     | Gained mutation: Your magical and physical power is
                  | slightly enhanced at high health. [demonic ancestry]
 12098 | D:12     | Reached XP level 13. HP: 103/109 MP: 13/13
 12125 | D:12     | Found a gate leading to a gauntlet.
 12127 | D:12     | Found Xeirin's Antique Weapon Boutique.
 12383 | D:12     | Found a gate to the Vaults.
 13554 | D:12     | Noticed a frost giant
 13555 | D:12     | Found a staircase to the Depths.
 13567 | D:12     | Killed a frost giant
 14069 | Orc      | Entered the Orcish Mines
 14069 | Orc      | Found a staircase to the Elven Halls.
 14183 | Orc      | Found a radiant altar of Vehumet.
 14233 | Orc      | Found Tyochece's General Store.
 14240 | Orc      | Bought a scroll of enchant armour for 105 gold pieces
 14240 | Orc      | Bought a scroll of identify for 28 gold pieces
 14240 | Orc      | Bought a scroll of magic mapping for 49 gold pieces
 15555 | Orc      | Found Ifoecis's General Store.
 15555 | Orc      | Found Geodo's Gadget Shoppe.
 15557 | Orc      | Found Hiefid's Antique Weapon Emporium.
 15559 | Orc      | Found Gykkuore's Book Boutique.
 15683 | Orc      | Bought a potion of might for 44 gold pieces
 15683 | Orc      | Bought a +2 pair of gloves of strength for 236 gold pieces
 15922 | Lair:1   | Entered Level 1 of the Lair of Beasts
 16156 | Lair:1   | Reached XP level 14. HP: 112/118 MP: 14/14
 16338 | Lair:1   | Reached skill level 1 in Axes
 16908 | Lair:2   | Found a staircase to the Shoals.
 17648 | Lair:3   | Reached skill level 5 in Axes
 18382 | Lair:4   | Found a staircase to the Snake Pit.
 18487 | Lair:4   | Noticed Urug
 18499 | Lair:4   | Killed Urug
 19419 | Lair:5   | Noticed Nessos
 19432 | Lair:5   | Killed Nessos
 20463 | Lair:6   | Entered Level 6 of the Lair of Beasts
 20793 | Lair:6   | Noticed Josephine
 20804 | Lair:6   | Killed Josephine
 21032 | Lair:6   | Noticed a storm dragon
 21032 | Lair:6   | a catoblepas changed into a storm dragon
 21041 | Lair:6   | Killed a storm dragon
 21156 | Lair:6   | Found a staircase to the Slime Pits.
 21178 | Lair:6   | Reached skill level 10 in Axes
 21459 | Lair:6   | Reached XP level 15. HP: 117/124 MP: 15/15
 21938 | Lair:6   | Found a large runed door.
 21950 | Lair:6   | Found a large runed door.
 22655 | Orc      | Bought 3 scrolls of acquirement for 1716 gold pieces
 22827 | D:12     | Bought a scroll of enchant weapon for 112 gold pieces
 22827 | D:12     | Bought a scroll of identify for 30 gold pieces
 22827 | D:12     | Bought a scroll of identify for 30 gold pieces
 22827 | D:12     | Bought a scroll of teleportation for 45 gold pieces
 22827 | D:12     | Bought a scroll of magic mapping for 52 gold pieces
 22827 | D:12     | Bought a scroll of teleportation for 45 gold pieces
 22827 | D:12     | Bought a scroll of immolation for 52 gold pieces
 22827 | D:12     | Bought a scroll of immolation for 52 gold pieces
 22827 | D:12     | Bought a scroll of amnesia for 52 gold pieces
 22827 | D:12     | Bought a scroll of remove curse for 45 gold pieces
 22832 | D:12     | Bought the +2 hat of the Bear Spirit {Spirit, +Rage rN+
                  | MR++} for 508 gold pieces
 22832 | D:12     | Found the +2 hat of the Bear Spirit {Spirit, +Rage rN+
                  | MR++}
 23243 | Snake:1  | Entered Level 1 of the Snake Pit
 23831 | Snake:1  | Noticed a nagaraja
 23839 | Snake:1  | Killed a nagaraja
 24693 | Snake:1  | Got a scorched ring mail
 24768 | Snake:1  | Identified the cursed +1 ring mail "Agokkin" {rF+ Dex+3}
                  | (You found it on level 1 of the Snake Pit)
 25369 | Snake:2  | Got a fabulously ornate robe
 25370 | Snake:2  | Identified the +2 robe "Nus Umimn" {rCorr} (You found it on
                  | level 2 of the Snake Pit)
 25941 | Snake:2  | Reached skill level 1 in Throwing
 26462 | Snake:3  | Entered Level 3 of the Snake Pit
 26470 | Snake:3  | Noticed a nagaraja
 26483 | Snake:3  | Killed a nagaraja
 27205 | Snake:3  | Reached skill level 5 in Dodging
 27342 | Snake:3  | Reached XP level 16. HP: 90/131 MP: 14/16
 27691 | Snake:3  | Noticed Aizul
 27704 | Snake:3  | Killed Aizul
 27941 | Snake:3  | Killed from afar by a nagaraja

Skill      XL: |  1  2  3  4  5  6  7  8  9 10 11 12 13 14 15 16 |
---------------+-------------------------------------------------+-----
Dodging        | 3 5 |  5.9
Fighting       | 2 3 4 6 8 9 11 12 13 | 13.5
Armour         | 3 5 6 7 8 9 10 11 12 13 | 13.7
Staves         | 1 2 3 5 7 8 9 11 12 | 12.7
Axes           | 10 13 | 13.7
Throwing       | 3 4 |  4.7
Maces & Flails | |  0.8
Stealth        | |  3.0

Action                   |  1- 3 |  4- 6 |  7- 9 | 10-12 | 13-15 | 16-18 || total
-------------------------+-------+-------+-------+-------+-------+-------++-------
Melee: Hand axe          |    44 |       |       |    19 |       |       ||    63
       Whip              |    69 |    85 |       |       |       |       ||   154
       Quarterstaff      |       |   123 |   277 |   625 |   763 |       ||  1788
       Battleaxe         |       |       |       |       |   379 |    66 ||   445
Throw: Stone             |       |     1 |       |       |       |       ||     1
       Tomahawk          |       |       |       |       |     2 |     3 ||     5
Invok: Potion Petition   |       |       |     1 |       |       |       ||     1
       Call Merchant     |       |       |       |     2 |     6 |       ||     8
Evoke: Wand              |       |       |       |     7 |    28 |       ||    35
       Sack of spiders   |       |       |       |       |     8 |       ||     8
  Use: Scroll            |     7 |     6 |     9 |     2 |    21 |       ||    45
       Potion            |       |     1 |       |       |     3 |     3 ||     7
 Stab: Sleeping          |     4 |     3 |       |       |       |       ||     7
       Paralysed         |       |     2 |     1 |    11 |    14 |       ||    28
       Confused          |       |     1 |       |     2 |     4 |       ||     7
       Petrified         |       |       |     5 |     8 |       |       ||    13
       Petrifying        |       |       |     2 |     3 |     2 |       ||     7
       Distracted        |       |       |     1 |     7 |    11 |     2 ||    21
  Eat: Chunk             |     2 |     7 |     9 |       |       |       ||    18
       Ration            |       |       |     2 |     6 |    14 |       ||    22
Armor: Robe              |    37 |       |       |       |       |       ||    37
       Ring mail         |    10 |    59 |       |       |       |       ||    69
       Skin              |       |    13 |       |       |       |       ||    13
       Plate armour      |       |    56 |   362 |   593 |  1116 |    76 ||  2203
Dodge: Dodged            |    98 |    84 |   100 |   137 |   425 |    35 ||   879
